 Dungeon Crawl Stone Soup version 0.21-a0-582-g1b93aee (webtiles) character file.

9 vishdafish the Charmwright (level 2, 21/22 HPs)
             Began as a Demonspawn Skald on Dec 19, 2017.
             Quit the game on level 1 of the Dungeon.
             The game lasted 00:00:38 (247 turns).

vishdafish the Charmwright (Demonspawn Skald)        Turns: 247, Time: 00:00:39

Health: 21/22      AC:  2    Str: 11    XL:     2   Next: 6%
Magic:  5/5        EV: 12    Int: 14    God:
Gold:   11         SH:  0    Dex: 12    Spells: 4/5 levels left

rFire    . . .     SeeInvis .   a - +0 spear
rCold    + . .     Gourm    .   (no shield)
rNeg     . . .     Faith    .   e - +0 robe (curse)
rPois    .         Spirit   .   (no helmet)
rElec    .         Reflect  .   (no cloak)
rCorr    .         Harm     .   (no gloves)
MR       .....                  (no boots)
Stlth    +.........             (no amulet)
HPRegen  0.07/turn              (no ring)
MPRegen  0.09/turn              (no ring)

@: no status effects
A: cold resistance 1
a: no special abilities


You were on level 1 of the Dungeon.
You were not hungry.

You visited 1 branch of the dungeon, and saw 1 of its levels.

You collected 11 gold pieces.

Inventory:

Hand Weapons
 a - a +0 spear (weapon)
Armour
 b - a +0 leather armour
 e - a cursed +0 robe (worn)
Potions
 f - a potion of brilliance {unknown}
Books
 c - a book of Battle

   Spells                             Type                      Level
   a - Infusion                       Charms                       1
   b - Shroud of Golubria             Charms/Translocation         2
   c - Song of Slaying                Charms                       2
   d - Spectral Weapon                Hexes/Charms                 3
   e - Regeneration                   Charms/Necromancy            3
Comestibles
 d - 3 rations


   Skills:
 - Level 2.0 Fighting
 + Level 2.0 Polearms
 + Level 1.2 Armour
 + Level 2.0 Dodging
 - Level 2.0 Spellcasting
 + Level 2.8 Charms


You had 4 spell levels left.
You knew the following spells:

 Your Spells              Type           Power        Failure   Level  Hunger
a - Infusion              Chrm           #...         8%          1    ##.....


Dungeon Overview and Level Annotations

Branches:
Dungeon (1/15)

Altars:


Innate Abilities, Weirdness & Mutations

Your flesh is cold resistant. (rC+)


Message History

You reach to attack!
You hit the kobold.
The kobold is severely wounded.
The kobold misses you.
You hit the kobold.
The kobold is severely wounded.
The kobold hits you.
You hit the kobold.
You kill the kobold!
No target in view!
No target in view!
No target in view!
No target in view!
No target in view!
No target in view!
No target in view!
No target in view!
No target in view!
A goblin comes into view. It is wielding a dagger.
The goblin shouts!
Are you sure you want to abandon this character and quit the game? (Confirm with "yes".)

.............#.. ..
#.#####.###.#.##.. .
..#.#... #........... .g
.#.#..##.#####.#.....
... ...... .............
....#.#..##.#.....######
........#.......###### .
#...................
....###@#..####..#######
#............... ...
#####.##(.###..# ###
#.......#..#
#####...#..### ##
##........ # #.
#........ #
#.####.)...... #
#............. #


You could see a goblin.

Vanquished Creatures
  2 bats (D:1)
  2 giant cockroaches (D:1)
  A hobgoblin (D:1)
  2 kobolds (D:1)
  A rat (D:1)
8 creatures vanquished.

Notes
Turn   | Place    | Note
-------+----------+-------------------------------------------
     0 | D:1      | vishdafish the Demonspawn Skald began the quest for the Orb.
     0 | D:1      | Reached XP level 1. HP: 16/16 MP: 3/3
    50 | D:1      | Reached skill level 1 in Armour
   233 | D:1      | Gained mutation: Your flesh is cold resistant. (rC+) [demonic ancestry]
   233 | D:1      | Reached XP level 2. HP: 22/22 MP: 5/5
   247 | D:1      | Quit the game

Vault maps used:
D:1:      lightli_molten_gateway

Skill      XL: |  1 |
---------------+----+-----
Armour         | 1 |  1.2
Polearms       | 2 |  2.0
Dodging        | 2 |  2.0
Fighting       | |  2.0
Spellcasting   | |  2.0
Charms         | |  2.8

Action                   || total
-------------------------++-------
Melee: Spear             ||    30
Armor: Robe              ||     8
       Leather armour    ||     2
Dodge: Dodged            ||    14

Table legend:
 A = Spawn XP
 B = Non-spawn XP
 C = Spawn XP percentage of total XP
 D = Spawn monster count
 E = Non-spawn monster count
 F = Spawn count percentage of total count
 G = Total turns spent on level
                    A         B        C        D         E        F      G
               +---------+---------+-------+---------+---------+-------+---------
         Total |       0 |      14 |   0.0 |       0 |       8 |   0.0 |   247
               +---------+---------+-------+---------+---------+-------+---------
           D:1 |       0 |      14 |   0.0 |       0 |       8 |   0.0 |   247
               +---------+---------+-------+---------+---------+-------+---------
